 Dungeon Crawl Stone Soup version 0.30-a0-937-ga0a21ad780 (webtiles) character file.

Game seed: 8022121490705541127

38 Pimp the Covered (level 3, -1/25 (30) HPs)
             Began as a Barachi Fighter on Mar 24, 2023.
             Slain by a goblin
             ... wielding a +0 club
             ... led by Robin
              (2 damage)
             ... on level 2 of the Dungeon.
             The game lasted 00:02:17 (1150 turns).

Pimp the Covered (Barachi Fighter)                  Turns: 1150, Time: 00:02:18

HP:   -1/25 (30)    AC:  8    Str: 17    XL:     3   Next: 43%
MP:   3/3           EV:  9    Int:  8    God:
Gold: 54            SH:  5    Dex: 13    Spells: 2/2 levels left

rFire   + + .      SeeInvis .    a - +0 long sword
rCold   + . .      Faith    .    c - +0 buckler
rNeg    . . .      Spirit   .    b - +0 scale mail
rPois   +          Reflect  .    (no helmet)
rElec   +          Rampage  .    (no cloak)
rCorr   +                        e - +0 pair of gloves
Will    .....                    (no boots) Stlth
                                 (no amulet)
HPRegen 0.24/turn                (no ring)
MPRegen 0.08/turn                (no ring)

@: resistant, heavily drained, slow
A: amphibious, slowness 1, strong legs 1, +LOS, hooves 1, fire resistance 1,
MP-powered wands
a: Hop


You were on level 2 of the Dungeon.
You visited 1 branch of the dungeon, and saw 2 of its levels.

You collected 54 gold pieces.

Inventory:

Hand Weapons
 a - a +0 long sword (weapon)
Armour
 b - a +0 scale mail (worn)
 c - a +0 buckler (worn)
 e - a +0 pair of gloves (worn)
Potions
 d - a potion of might
 g - a potion of mutation
 h - a potion of resistance


   Skills:
 + Level 4.1 Fighting
 + Level 3.1 Long Blades
 + Level 4.1 Armour
 + Level 3.7 Shields


You had 2 spell levels left.
You didn't know any spells.
Your spell library contained the following spells:

 Spells                   Type           Power      Damage    Failure   Level
 Beastly Appendage        Tmut           0%         N/A       88%         1
 Wereblood                Tmut           0%         N/A       95%         2
 Spider Form              Tmut/Pois      0%         N/A       99%         3


Dungeon Overview and Level Annotations

Branches:
Dungeon (2/15)

Altars:

Annotations:
D:2 Robin


Innate Abilities, Weirdness & Mutations

You are amphibious.
You cover ground slowly.
You can hop short distances.
You have an extended range of vision and can be seen from far away.
You have large cloven feet.
Your flesh is heat resistant. (rF+)
You expend magic power (3 MP) to strengthen your wands.


Message History

The hobgoblin hits you but does no damage.
You block the goblin's attack. The goblin barely misses you.
The goblin hits you with a +0 dagger.
The goblin hits you with a +0 dagger of draining.
You feel drained.
You closely miss the goblin.
The goblin is severely wounded.
The goblin no longer looks unusually strong.
The hobgoblin hits you. The goblin barely misses you.
The goblin hits you but does no damage.
You feel drained. The goblin hits you but does no damage.
You slash the goblin!
You kill the goblin!
Robin roars a battlecry!
The goblins go into a battle-frenzy!
The goblin barely misses you. You block the goblin's attack.
The hobgoblin barely misses you. The goblin closely misses you.
The goblin hits you with a +0 dagger. You block the goblin's attack.
The goblin hits you but does no damage. The goblin hits you with a +0 dagger.
* * * LOW HITPOINT WARNING * * *
The hobgoblin hits you but does no damage.
You hit the goblin.
You kill the goblin!
The hobgoblin no longer looks unusually strong.
The hobgoblin hits you but does no damage.
The goblin hits you but does no damage.
Robin roars a battlecry!
You block the goblin's attack. The goblin hits you with a +0 dagger.
* * * LOW HITPOINT WARNING * * *
You feel protected. The hobgoblin misses you. The goblin closely misses you.
The hobgoblin hits you.
* * * LOW HITPOINT WARNING * * *
You block the goblin's attack. The goblin closely misses you.
It was a potion of mutation.
You feel extremely strange.
You feel your magical essence link to the dungeon's wands.
You feel resistant to heat.
Your feet thicken and deform.
The hobgoblin hits you but does no damage.
The goblin hits you with a +0 club.
You die...

# ###.# #.### **,** *, # #.###.#
*,* *, ## ##...## *,* *, .#
##.#.# **+## *, .# ###.##.##
**...#* *, .######.......#
**.....** *, ).)..##.#.##>..#
**......,******,
.###.##.#.#...#g##g......,,**,,,,
...............g@gg......,,+,,,,,
.###.##.###...#g#g.......,,**,,,,
..##.##.# #.....#g.......,***,,,,
############....#g.......** *,,,,
#....#.#####...#* *,,,, *****
######.# **+## *,,,, *,,,* #.#
*,* ****, *,,,* #.# *,* *, *,,,*
#.# **,** *,


You could see Robin, 3 hobgoblins and 5 goblins.

Vanquished Creatures
  A worm (D:2)
  4 bats (D:1)
  2 endoplasms (D:1)
  6 goblins
  4 hobgoblins (D:1)
  3 jackals (D:1)
  2 kobolds
  A quokka (D:1)
  A ball python (D:1)
  3 frilled lizards (D:1)
  4 rats (D:1)
31 creatures vanquished.

Notes
Turn   | Place    | Note
-------+----------+-------------------------------------------
     0 | D:1      | Pimp the Barachi Fighter began the quest for the Orb.
     0 | D:1      | Reached XP level 1. HP: 18/18 MP: 1/1
   267 | D:1      | Reached XP level 2. HP: 25/25 MP: 2/2
   499 | D:1      | Found a faded altar of an unknown god.
   558 | D:1      | Reached XP level 3. HP: 30/30 MP: 3/3
  1131 | D:2      | Noticed Robin
  1149 | D:2      | HP: 1/25 [hobgoblin[Robin] (3)]
  1150 | D:2      | Gained mutation: You expend magic power (3 MP) to
                  | strengthen your wands. [potion of mutation]
  1150 | D:2      | Gained mutation: Your flesh is heat resistant. (rF+)
                  | [potion of mutation]
  1150 | D:2      | Gained mutation: You have large cloven feet. [potion of
                  | mutation]
  1150 | D:2      | Slain by a goblin

Illustrated notes

Levels and vault maps discovered:
D:1:      minmay_arrival_widening_spiral_wide, layout_loops_corners,
          shapermc_ecumenical_altar_notcrosses
D:2:      layout_loops_corners, serial_shops, nicolae_shop_behind_doors, shop,
          shop, nicolae_shop_bloodbath_and_beyond, uniq_robin, uniq_terence,
          uniq_crazy_yiuf_cottage

Skill      XL: |  1  2  3 |
---------------+----------+-----
Armour         | 4 |  4.1
Fighting       | 4 |  4.1
Long Blades    | 3 |  3.1
Shields        | |  3.7

Action                     || total
---------------------------++-------
  Melee: Long sword        ||   113
    Use: Scroll            ||     4
         Potion            ||     2
 Armour: Scale mail        ||    71
  Dodge: Dodged            ||    88
  Block: Buckler           ||    40

Table legend: (Time is in decaauts)
 A = Elapsed time spent in this place.
 B = Non-inter-level travel time spent in this place.
 C = Inter-level travel time spent in this place.
 D = Time resting spent in this place.
 E = Time spent auto-exploring this place.
 F = Levels seen in this place.
 G = Mean time per level.
                   A        B        C        D        E       F      G
               +--------+--------+--------+--------+--------+-----+--------+
         Total |   1367 |   1353 |     14 |     15 |   1000 |   2 |  683.5 |
       Dungeon |   1367 |   1353 |     14 |     15 |   1000 |   2 |  683.5 |
               +--------+--------+--------+--------+--------+-----+--------+

Top non-repeatable levels by time:
     D:1: 1212 daAuts
     D:2: 155 daAuts
